 Dungeon Crawl Stone Soup version 0.27.1-2-g3b301248ec (webtiles) character file.

Game seed: 1638319449232149238

154 worthlessgem the Digger (level 5, 0/33 (35) HPs)
             Began as a Formicid Earth Elementalist on Sept 29, 2021.
             Slain by an orc (2 damage)
             ... on level 3 of the Dungeon on Sept 30, 2021.
             The game lasted 00:15:44 (2990 turns).

worthlessgem the Digger (FoEE)                      Turns: 2990, Time: 00:15:44

HP:   0/33 (35)     AC:  2    Str: 13    XL:     5   Next: 63%
MP:   7/8           EV: 12    Int: 15    God:
Gold: 81            SH:  0    Dex: 11    Spells: 2/8 levels left

rFire    . . .     SeeInvis +   a - +0 short sword (venom)
rCold    . . .     Faith    .   (no shield)
rNeg     . . .     Spirit   .   b - +0 robe
rPois    .         Reflect  .   (helmet unavailable)
rElec    .         Harm     .   (no cloak)
rCorr    .         Rampage  .   (no gloves)
Will     .....                  (no boots)
Stlth    ++........             (no amulet)
HPRegen  0.11/turn              (no ring)
MPRegen  0.11/turn              (no ring)

@: brilliant, drained
A: permanent stasis, dig shafts and tunnels, antennae 3, four strong arms
a: Dig, Shaft Self


You were on level 3 of the Dungeon.
You visited 1 branch of the dungeon, and saw 3 of its levels.

You collected 81 gold pieces.

Inventory:

Hand Weapons
 a - a +0 short sword of venom (weapon)
Missiles
 c - 30 stones
 e - 29 sling bullets
Armour
 b - a +0 robe (worn)
Jewellery
 g - a ring of magical power
Scrolls
 d - a scroll of immolation {unknown}
 f - 3 scrolls of identify {unknown}
 h - 2 scrolls of brand weapon {unknown}
 j - a scroll of enchant armour {unknown}


   Skills:
 - Level 1.7 Dodging
 - Level 2.4 Stealth
 - Level 2.1 Spellcasting
 - Level 2.0 Conjurations
 - Level 1.1 Transmutations
 + Level 6.4 Earth Magic


You had 2 spell levels left.
You knew the following spells:

 Your Spells              Type           Power      Damage    Failure   Level
a - Sandblast             Erth           62%        2d14      1%          1
b - Passwall              Tmut/Erth      15%        N/A       7%          2
c - Stone Arrow           Conj/Erth      42%        3d9       12%         3

Your spell library contained the following spells:

 Spells                   Type           Power      Damage    Failure   Level
 Petrify                  Tmut/Erth      19%        N/A       43%         4
 Ozocubu's Armour         Ice            2%         N/A       54%         3
 Ozocubu's Refrigeration  Ice            1%         4d5       100%        7


Dungeon Overview and Level Annotations

Branches:
Dungeon (3/15)

Altars:

Shops:
D:1 *


Innate Abilities, Weirdness & Mutations

You cannot be hasted, slowed, berserked, paralysed or teleported.
You can dig through walls and to a lower floor.
You have a pair of large antennae on your head. (SInv)
Your four strong arms can wield two-handed weapons with a shield.


Message History

An orc comes into view. It is wielding a +0 dagger.
The orc shouts!
It was a potion of brilliance.
You feel clever all of a sudden. The orc wizard casts a spell at you.
The magic dart hits you.
You are too injured to fight recklessly!
The giant cockroach barely misses you.
The orc wizard hits you but does no damage.
You feel drained.
The giant cockroach bites you but does no damage.
You feel less confused.
The orc wizard hits you with a +1 dagger of draining.
You feel drained.
A kobold comes into view. It is wielding a +0 club.
Unknown command.
The kobold shouts!
You hit the orc wizard but do no damage.
The orc wizard gestures at you while chanting.
The puff of flame hits you!
* * * LOW HITPOINT WARNING * * *
The giant cockroach bites you but does no damage.
Unknown command.
You hit the orc wizard.
The orc wizard is heavily wounded.
The orc wizard completely misses you. The giant cockroach closely misses you.
Unknown command.
Casting: Sandblast (safe; 1% risk of failure)
Confirm with . or Enter, or press ? or * to list all spells.
Aiming: Sandblast (safe; 1% risk of failure)
Press: ? - help, Shift-Dir - straight line, f - orc wizard
Aim: an orc wizard, wielding a +1 dagger of draining and wearing a +0 robe (heavily wounded, 77% to hit)
You feel a surge of power!
The blast of sand hits the orc wizard.
The orc wizard is severely wounded.
c - 30 stones The giant cockroach bites you.
* * * LOW HITPOINT WARNING * * *
The orc wizard points at you and mumbles some strange words.
You resist with some effort. The orc hits you with a +0 dagger.
You die...

.............##...^.......
...$.........##.........##
........................
......................[.
....................K...
........................
...........#............
.........###...ooB......
.......### #.<..@.......
.....### #............
.##### ####............ .
##)#†############ # #.#)##
#####


You could see an orc wizard, an orc, a giant cockroach and a kobold.

Vanquished Creatures
  An ogre (D:2)
  An adder (D:2)
  2 worms (D:2)
  3 orcs (D:3)
  4 ball pythons
  4 bats
  2 endoplasms
  2 giant cockroaches
  2 goblins (D:2)
  2 hobgoblins
  9 jackals
  3 quokkas
  2 frilled lizards (D:2)
  4 kobolds
  6 rats
47 creatures vanquished.

Notes
Turn   | Place    | Note
-------+----------+-------------------------------------------
     0 | D:1      | worthlessgem the Formicid Earth Elementalist began the
                  | quest for the Orb.
     0 | D:1      | Reached XP level 1. HP: 13/13 MP: 3/3
   470 | D:1      | Reached XP level 2. HP: 14/19 MP: 5/5
   550 | D:1      | Learned a level 2 spell: Passwall
   565 | D:1      | Reached skill level 4 in Earth Magic
   675 | D:1      | Reached skill level 1 in Conjurations
  1068 | D:1      | Found Edyaty's Assorted Antiques.
  1072 | D:1      | You fall into a shaft and drop 1 floor!
  1255 | D:2      | Reached XP level 3. HP: 24/24 MP: 3/6
  1259 | D:2      | Learned a level 3 spell: Stone Arrow
  1404 | D:2      | Noticed an ogre
  1412 | D:2      | Killed an ogre
  1413 | D:2      | Reached skill level 5 in Earth Magic
  1413 | D:2      | Reached XP level 4. HP: 28/30 MP: 3/7
  1413 | D:2      | Reached XP level 5. HP: 33/35 MP: 3/8
  1888 | D:2      | Reached skill level 6 in Earth Magic
  2990 | D:3      | Slain by an orc

Illustrated notes

Levels and vault maps discovered:
D:1:      evilmike_arrival_hilbert_curve, layout_rooms, serial_shops,
          shop_statue, patterned_corridor
D:2:      layout_basic, hex_tiny
D:3:      layout_rooms

Skill      XL: |  1  2  3  4  5 |
---------------+----------------+-----
Earth Magic    | 4 5 6 |  6.4
Conjurations   | 1 2 |  2.0
Dodging        | |  1.7
Stealth        | |  2.4
Spellcasting   | |  2.1
Transmutations | |  1.1

Action                   |  1- 3 |  4- 6 || total
-------------------------+-------+-------++-------
Melee: Unarmed           |    12 |       ||    12
       Short sword       |    46 |    81 ||   127
 Cast: Sandblast         |     4 |     4 ||     8
       Passwall          |     8 |     1 ||     9
       Stone Arrow       |       |     4 ||     4
 Abil: Dig               |     3 |     3 ||     6
  Use: Potion            |       |     1 ||     1
 Stab: Sleeping          |     3 |     1 ||     4
Armor: Robe              |    14 |    18 ||    32
Dodge: Dodged            |    47 |    49 ||    96
